 Dungeon Crawl Stone Soup version 0.23-a0-470-g6f7cfd9 (webtiles) character file.

578179 rgaf the Wrestler (level 25, -2/258 HPs)
             Began as a Troll Fighter on Nov 26, 2018.
             Was the Champion of Jiyva.
             Slain by a tentacled monstrosity (5 damage)
             ... summoned by the power of Zot
             ... on level 1 of the Realm of Zot on Nov 27, 2018.
             The game lasted 02:13:27 (64634 turns).

rgaf the Wrestler (Troll Fighter)                  Turns: 64634, Time: 02:13:27

Health: -2/258     AC: 37    Str: 33 (34) XL:     25   Next: 85%
Magic:  29/29      EV:  3    Int: 10      God:    Jiyva [******]
Gold:   3558       SH: 25    Dex: 13      Spells: 24/24 levels left

rFire    + . .     SeeInvis .     - Unarmed
rCold    + + .     Gourm    +   C - +0 large shield {AC+3}
rNeg     . . .     Faith    .   N - +3 gold dragon scales
rPois    +         Spirit   .   B - +1 hat of Nemelex Xobeh's Regard {rPois Str+7}
rElec    .         Reflect  +   V - +2 cloak {+Inv}
rCorr    +         Harm     .   (gloves unavailable)
MR       ++...                  (boots unavailable)
Stlth    ..........             I - amulet of Sloth {Reflect rPois Slay+2 SH+4}
HPRegen  0.93/turn              f - +4 ring of protection
MPRegen  0.21/turn              H - ring "Sane" {Wiz rPois rC+ MR+}

@: slowed, constricted, drained, very slow
A: large, unfitting armour, claws 3, deterioration 1, fast metabolism 3,
gourmand, regeneration 1, shaggy fur 1, tough skin 2, weak 1, translucent skin
1, tendrils
}: 3/15 runes: decaying, serpentine, slimy
a: Request Jelly, Slimify, Cure Bad Mutation, Renounce Religion, Evoke
Invisibility


You were on level 1 of the Realm of Zot.
You worshipped Jiyva.
Jiyva was exalted by your worship.
You were very full.

You visited 11 branches of the dungeon, and saw 51 of its levels.
You visited 1 bazaar.
You also visited: Trove, Sewer and Ossuary.

You collected 5510 gold pieces.
You spent 1952 gold pieces at shops.

Inventory:

Missiles
 j - 9 throwing nets
 E - 70 large rocks (quivered)
Armour
 z - +0 storm dragon scales
 B - the +1 hat of Nemelex Xobeh's Regard (worn) {rPois Str+7}
   (You acquired it on level 4 of the Snake Pit)

   It affects your strength (+7).
   It protects you from poison.
 C - a +0 large shield of protection (worn)
 N - +3 gold dragon scales (worn)
 V - a +2 cloak of invisibility (worn)
Jewellery
 f - a +4 ring of protection (left claw)
 h - the amulet "Tilirch Isai" {Acrobat rN++}
   (You found it in a treasure trove)

   [amulet of the acrobat]

   It helps you evade while moving and waiting.
   It greatly protects you from negative energy.
 u - the cursed ring of Suicidal Tendencies {*Contam rPois Int+4 Dex-5 Stlth+}
   (You found it in a treasure trove)

   [ring of dexterity]

   It affects your intelligence (+4).
   It affects your dexterity (-5).
   It protects you from poison.
   It causes magical contamination when unequipped.
   It makes you more stealthy.
   It has a curse placed upon it.
 w - an uncursed amulet of harm {unknown}
 H - the ring "Sane" (right claw) {Wiz rPois rC+ MR+}
   (You found it on level 1 of the Lair of Beasts)

   [ring of wizardry]

   It improves your spell success rate.
   It protects you from cold.
   It protects you from poison.
   It affects your resistance to hostile enchantments.
 I - the amulet of Sloth (around neck) {Reflect rPois Slay+2 SH+4}
   (You found it on level 5 of the Pits of Slime)

   [amulet of reflection]

   It shields you and reflects attacks.
   It affects your accuracy and damage with ranged weapons and melee attacks
   (+2).
   It protects you from poison.
   It affects your SH (+4).
 X - the ring "Sixyxaki" {rN++ Str-5 Dex+2}
   (You found it on level 5 of the Pits of Slime)

   [ring of dexterity]

   It affects your strength (-5).
   It affects your dexterity (+2).
   It greatly protects you from negative energy.
Wands
 q - a wand of digging (8)
 U - a wand of scattershot (3)
Scrolls
 a - a scroll of magic mapping
 b - a scroll of enchant armour
 e - 8 scrolls of teleportation
 i - 10 scrolls of immolation
 m - 3 scrolls of blinking
 o - 18 scrolls of remove curse
 t - 2 scrolls of silence
 v - 4 scrolls of amnesia
 y - 4 scrolls of fear
 A - 7 scrolls of identify
 F - a scroll of enchant weapon
 G - 6 scrolls of fog
Potions
 g - 5 potions of brilliance
 k - 6 potions of haste
 l - 19 potions of curing
 n - 7 potions of lignification
 p - 4 potions of flight
 r - 2 potions of resistance
 s - 2 potions of ambrosia
 x - 7 potions of agility
 D - a potion of magic
 J - 5 potions of might
 Q - 3 potions of berserk rage
 R - 3 potions of invisibility
 S - a potion of cancellation
Miscellaneous
 Z - a lamp of fire
Comestibles
 d - 78 rations


   Skills:
 + Level 16.6(15.3) Fighting
 + Level 16.4(15.0) Throwing
 + Level 16.1(14.8) Armour
 - Level 5.0(4.0) Dodging
 - Level 15.0(13.7) Shields
 * Level 25.5(23.9) Unarmed Combat
   Level 10.3(9.1) Invocations


You had 24 spell levels left.
You didn't know any spells.
Your spell library contained the following spells:

 Spells                   Type           Power        Failure   Level  Hunger
 Animate Skeleton         Necr           N/A          92%         1    ##.....
 Beastly Appendage        Tmut           #.....       92%         1    ##.....
 Flame Tongue             Conj/Fire      #....        92%         1    ##.....
 Magic Dart               Conj           #...         92%         1    ##.....
 Pain                     Necr           #...         92%         1    ##.....
 Sandblast                Erth           #.....       92%         1    ##.....
 Shock                    Conj/Air       #...         92%         1    ##.....
 Sting                    Conj/Pois      #...         92%         1    ##.....
 Summon Butterflies       Summ           #.......     92%         1    ##.....
 Blink                    Tloc           N/A          98%         2    ###....
 Poisonous Vapours        Pois/Air       #.....       98%         2    ###....
 Searing Ray              Conj           #.....       98%         2    ###....
 Song of Slaying          Chrm           #.......     98%         2    ###....
 Sticks to Snakes         Tmut           #.......     98%         2    ###....
 Swiftness                Chrm/Air       #.......     98%         2    ###....
 Throw Frost              Conj/Ice       #.....       98%         2    ###....
 Call Canine Familiar     Summ           #.......     99%         3    ####...
 Dazzling Spray           Conj/Hex       #.....       99%         3    ####...
 Inner Flame              Hex/Fire       #.......     99%         3    ####...
 Mephitic Cloud           Conj/Pois/Air  #.......     99%         3    ####...
 Spider Form              Tmut/Pois      #.........   99%         3    ####...
 Static Discharge         Conj/Air       #.......     99%         3    ####...
 Vampiric Draining        Necr           #.........   99%         3    ####...
 Animate Dead             Necr           N/A          100%        4    #####..
 Cause Fear               Hex            #.........   100%        4    #####..
 Force Lance              Conj/Tloc      #.......     100%        4    #####..
 Fulminant Prism          Conj/Hex       #.........   100%        4    #####..
 Ice Form                 Ice/Tmut       #.......     100%        4    #####..
 Iskenderun's Mystic Bla  Conj           #.......     100%        4    #####..
 Leda's Liquefaction      Hex/Erth       #.........   100%        4    #####..
 Olgreb's Toxic Radiance  Pois           #.......     100%        4    #####..
 Passage of Golubria      Tloc           N/A          100%        4    #####..
 Petrify                  Tmut/Erth      #.......     100%        4    #####..
 Summon Ice Beast         Ice/Summ       #.......     100%        4    #####..
 Summon Lightning Spire   Summ/Air       #.......     100%        4    #####..
 Throw Icicle             Conj/Ice       #.......     100%        4    #####..
 Agony                    Necr           #.......     100%        5    ######.
 Alistair's Intoxication  Tmut/Pois      #.......     100%        5    ######.
 Blade Hands              Tmut           #.........   100%        5    ######.
 Bolt of Draining         Conj/Necr      #.........   100%        5    ######.
 Dispel Undead            Necr           #.......     100%        5    ######.
 Irradiate                Conj/Tmut      #.........   100%        5    ######.
 Metabolic Englaciation   Hex/Ice        #.........   100%        5    ######.
 Silence                  Hex/Air        #.........   100%        5    ######.
 Summon Mana Viper        Hex/Summ       #.......     100%        5    ######.
 Yara's Violent Unravell  Hex/Tmut       #.........   100%        5    ######.
 Bolt of Cold             Conj/Ice       #.........   100%        6    #######
 Bolt of Fire             Conj/Fire      #.........   100%        6    #######
 Conjure Ball Lightning   Conj/Air       #.........   100%        6    #######
 Death Channel            Necr           #.........   100%        6    #######
 Deflect Missiles         Chrm/Air       #.........   100%        6    #######
 Freezing Cloud           Conj/Ice/Air   #.........   100%        6    #######
 Hydra Form               Tmut           #.........   100%        6    #######
 Ozocubu's Refrigeration  Ice            #.........   100%        6    #######
 Poison Arrow             Conj/Pois      #.........   100%        6    #######
 Simulacrum               Ice/Necr       #.........   100%        6    #######
 Statue Form              Tmut/Erth      #........    100%        6    #######
 Dragon Form              Tmut           #.........   100%        7    #######
 Spellforged Servitor     Conj/Summ      #.........   100%        7    #######
 Summon Hydra             Summ           #.........   100%        7    #######
 Discord                  Hex            #.........   100%        8    #######
 Dragon's Call            Summ           #.........   100%        9    #######
 Shatter                  Erth           #.........   100%        9    #######
 Tornado                  Air            #.........   100%        9    #######


Dungeon Overview and Level Annotations

Branches:
Dungeon (15/15)            Temple (1/1) D:4            Lair (6/6) D:9
  Swamp (4/4) Lair:3        Snake (4/4) Lair:4        Slime (5/5) Lair:6
    Orc (2/2) D:10            Elf (3/3) Orc:2        Vaults (4/5) D:13
  Crypt (0/3) Vaults:3     Depths (5/5) D:15            Zot (2/5) Depths:5

Altars:
Ashenzari
Cheibriados
Dithmenos
Elyvilon
Fedhas
Gozag
Hepliaklqana
Kikubaaqudgha
Makhleb
Nemelex Xobeh
Okawaru
Qazlal
Ru
Sif Muna
Trog
Uskayaw
Vehumet
Wu Jian
Xom
Yredelemnul
Zin
The Shining One
Jiyva
Lugonu

Shops:
Orc:2 (}[?   Elf:3 ::[*(   Snake:2 }==   Vaults:1 (   Vaults:4 (

Portals:
Hell: Depths:1 Depths:2 Depths:3 Depths:4 Depths:5
Abyss: Depths:3 Depths:4
Pandemonium: Depths:3
Ziggurat: Depths:3

Annotations:
Lair:1 exclusion: oklob plant
Swamp:2 2 transporters, Sharkman1231's ghost, adept DsWn
Snake:1 2 transporters, Rupert
Snake:3 3 runed doors, lessens's ghost, journeyman FeWn
Slime:5 Royal Jelly
Elf:2 5 runed doors
Depths:3 6 runed doors


Innate Abilities, Weirdness & Mutations

You are too large for most types of armour.
You have claws for hands.
Your metabolism is lightning-fast.
You like to eat raw meat.
Your natural rate of healing is unusually fast.
You are covered in fur. (AC +1)
You have very tough skin. (AC +2)
Your body sometimes deteriorates upon taking damage.
You are weak. (Str -2)
Your translucent skin slightly reduces your foes' accuracy. (Stealth)
You are covered in slimy tendrils that may disarm your opponents.


Message History

You feel as though you will be slow longer.
You block the quicksilver dragon's attack. x2
The death cob hits you!
* * * LOW HITPOINT WARNING * * *
You block the quicksilver dragon's attack.
The quicksilver dragon claws you but does no damage.
You block the tentacled monstrosity's attack.
The tentacled monstrosity tentacle-slaps you!
* * * LOW HITPOINT WARNING * * *
The tentacled monstrosity tentacle-slaps you but does no damage.
* * * LOW HITPOINT WARNING * * *
The tentacled monstrosity constricts you.
The death cob hits you but does no damage.
The quicksilver dragon bites you!!
* * * LOW HITPOINT WARNING * * *
The quicksilver dragon claws you!
* * * LOW HITPOINT WARNING * * *
The jelly hits the quicksilver dragon but does no damage.
The tentacled monstrosity tentacle-slaps you but does no damage. x3
You die...

....#.#.8.#.# #...##.#..##..
....#.#...#.### ######.#.###..
....#.#...#.#.###########.#.####.
....##.....##.'.........^.#......
....####J###..##............####.
######.....#######..........#....
.8.##.#####.##J8r##.........#.###
....#.......#..zX^#.........#.##.
.>..'...8...'..>@8#.........#.##.
....#.......#...DJ#.........#J##.
.8.##.#####.##.8.##.........#.##.
######.....#######...............
.....###'###J...........J....###.
....##...#.##......######....###.
....#.#...#.#......# #....##..
....#.#...#.#......# #....##..
....#.#.8.#.#......# #....##..


You could see a tentacled monstrosity, a death cob, a quicksilver dragon
(berserk), 2 neutral jellies (fellow slime) and a neutral rat (fellow slime).

Vanquished Creatures
  Mennas (Vaults:2)
  7 juggernauts
  Sojobo (D:15)
  Xtahua (Depths:4)
  A curse toe (Zot:1)
  Vashnia (Snake:3)
  Margery (Vaults:2)
  10 caustic shrikes
  5 golden dragons
  A profane servitor (Depths:3)
  the Enchantress (Depths:4)
  Nikola (Snake:3)
  Jorgrun (Swamp:3)
  5 tentacled monstrosities
  5 liches
  3 deep elf master archers (Elf:3)
  A deep elf blademaster (Elf:3)
  3 quicksilver dragons
  3 titans
  10 sphinxes
  A shadow dragon (Zot:1)
  15 acid blobs
  4 death cobs
  Gastronok (Lair:3)
  Frances (Swamp:2)
  Agnes (D:14)
  3 thorn hunters
  Roxanne (Swamp:3)
  Kirke (D:14)
  9 tengu reavers
  A draconian monk (Zot:1)
  17 fire giants
  9 nagarajas
  8 storm dragons
  9 azure jellies
  17 vault wardens
  A ghost moth (Zot:1)
  9 frost giants
  An iron dragon (Depths:4)
  4 deep elf sorcerers (Elf:3)
  6 spriggan defenders
  2 draconian shifters (Zot:1)
  3 deep elf elementalists (Elf:3)
  A ghoul (Vaults:3)
  10 ironheart preservers
  13 very ugly things
  16 stone giants
  A war gargoyle (Vaults:4)
  4 draconian annihilators
  2 draconian stormcallers (Zot:1)
  An entropy weaver (Vaults:4)
  5 black draconians (Zot:1)
  An entropy weaver (shapeshifter) (Depths:4)
  2 white draconians (Zot:1)
  A yellow draconian (Zot:1)
  3 vampire knights (Depths:5)
  8 deep elf annihilators (Elf:3)
  The ghost of Buffagor the Bludgeoner, a journeyman GrFi of the Shining One (Lair:6)
  8 spark wasps
  10 deep elf demonologists
  A white draconian (shapeshifter) (Depths:1)
  2 pearl dragon zombies (Depths:3)
  6 deep elf death magi
  15 ettins
  5 jiangshi
  14 ogre magi
  9 deep elf high priests
  A merfolk impaler (Depths:1)
  8 rakshasas
  Harold (D:7)
  3 great orbs of eyes
  Josephine (Orc:2)
  9 vault guards
  17 yaktaur captains
  Erolcha (D:13)
  10 naga warriors
  Fannar (Lair:3)
  12 ice dragons
  12 fire dragons
  A ghost crab (Swamp:3)
  21 hydras
  10 anacondas
  A shambling mangrove (Swamp:2)
  38 two-headed ogres
  5 spriggan air magi
  9 alligators
  3 death knights
  12 centaur warriors
  8 dancing weapons
  A two-headed ogre (shapeshifter) (Depths:2)
  12 tengu warriors
  3 hell hogs (Depths:3)
  18 deep troll shamans
  4 vampire magi
  15 deep troll earth magi
  An orc high priest (Orc:2)
  A death yak (Lair:6)
  Nergalle (D:10)
  23 naga sharpshooters
  10 shock serpents
  Urug (Lair:4)
  14 deep elf knights
  13 spriggan berserkers
  A fire crab (Lair:6)
  7 iron trolls
  3 skeletal warriors
  2 spectral death yaks (Lair:6)
  A shadow wraith (Vaults:3)
  7 salamander mystics
  A spriggan druid (Swamp:4)
  9 hell knights
  An unseen horror (D:12)
  A swamp dragon (shapeshifter) (Vaults:4)
  A glowing orange brain (Vaults:4)
  A storm dragon skeleton (Vaults:3)
  13 deep elf archers
  12 naga ritualists
  9 flayed ghosts
  23 deep trolls
  13 swamp dragons
  11 ironbrand convokers
  4 harpies (Vaults:1)
  A spectral hydra (Lair:6)
  29 deep elf magi
  A phantasmal warrior (Vaults:4)
  A small abomination (Vaults:3)
  2 wizards
  Pikel (D:7)
  11 orc knights
  2 harpies (shapeshifter)
  13 necromancers
  4 wolf spiders
  11 mana vipers
  6 orc sorcerers (Orc:1)
  20 ugly things
  2 tengu skeletons
  A cyclops (shapeshifter) (Elf:2)
  4 oklob plants (Lair:6)
  A salamander (shapeshifter) (Vaults:2)
  A manticore (D:15)
  A moth of wrath (shapeshifter) (Vaults:2)
  3 shining eyes
  7 moths of wrath
  4 apis skeletons (Depths:3)
  A frost giant skeleton (Vaults:3)
  4 cyclopes
  2 fire giant skeletons
  2 black mambas (shapeshifter)
  11 elephants
  17 salamanders
  A stone giant skeleton (Vaults:3)
  45 black mambas
  3 centaur zombies
  4 guardian serpents
  12 naga magi
  14 vault sentinels
  4 molten gargoyles
  2 torpor snails (Lair:6)
  An eye of devastation (Slime:4)
  18 spiny frogs
  3 gargoyles
  2 rime drakes
  9 komodo dragons
  A spark wasp simulacrum (Depths:3)
  3 komodo dragons (shapeshifter)
  2 efreet
  8 freezing wraiths
  61 yaktaurs
  4 tengu conjurers
  A queen bee (Lair:1)
  13 hornets
  A meliai (shapeshifter) (Vaults:4)
  3 meliai
  A wind drake (shapeshifter) (Vaults:4)
  A troll (shapeshifter) (Depths:5)
  3 large abominations (Elf:1)
  A jumping spider (shapeshifter) (Vaults:2)
  8 trolls
  8 tyrant leeches
  A frost giant simulacrum (Vaults:2)
  9 blink frogs
  75 slime creatures
  A stone giant simulacrum (Vaults:3)
  A tengu simulacrum (Vaults:1)
  10 hippogriffs
  13 bog bodies
  3 redbacks (Vaults:4)
  11 spriggans
  Sigmund (D:3)
  A flying skull (Vaults:3)
  6 wraiths
  3 air elementals (Elf:1)
  6 water elementals
  2 shadows
  4 wyverns
  6 basilisks
  31 yaks
  4 fire elementals
  3 hogs (D:14)
  2 hungry ghosts
  3 golden eyes (Slime:2)
  19 vampire mosquitoes
  A swamp worm (shapeshifter) (Depths:5)
  A steam dragon (Lair:6)
  4 wargs
  15 swamp worms
  2 soldier ants (shapeshifter)
  An acid dragon (D:13)
  A soldier ant (D:10)
  A floating eye (shapeshifter) (Vaults:4)
  7 hell hounds
  58 nagas
  7 porcupines
  2 slaves (D:7)
  25 water moccasins
  10 ice beasts
  3 sky beasts
  7 swamp drakes
  An ettin simulacrum (Vaults:3)
  5 phantoms
  40 orc warriors
  A black bear (D:9)
  4 eyes of draining
  A black mamba simulacrum (Lair:6)
  10 wolves
  36 ogres
  An elf skeleton (Vaults:4)
  3 necrophages
  7 centaurs
  7 crocodiles
  2 big kobolds
  7 elf zombies
  17 bullfrogs
  3 earth elementals
  2 wyvern skeletons
  3 scorpions
  A scorpion (shapeshifter) (Depths:5)
  2 human simulacra
  A dream sheep simulacrum (Lair:6)
  A lindwurm simulacrum (Lair:6)
  33 killer bees
  2 howler monkeys (D:5)
  5 wights (D:8)
  8 electric eels
  7 lava snakes
  10 crimson imps
  A quasit (D:10)
  A bullfrog zombie (D:10)
  4 human zombies
  12 hounds
  4 jellies
  A yaktaur simulacrum (Vaults:1)
  A gnoll shaman (D:4)
  27 orc priests
  35 orc wizards
  Ijyb (D:4)
  4 bullfrog skeletons
  5 centaur skeletons
  Jessica (D:3)
  3 iguanas
  12 worker ants
  A big kobold zombie (Ossuary)
  2 mummies (Ossuary)
  Robin (D:3)
  15 gnolls
  32 adders
  A shadow imp (D:15)
  11 oozes
  3 adder skeletons
  3 worms
  2 dart slugs
  15 leopard geckos
  118 orcs
  27 giant cockroaches
  17 goblins
  12 hobgoblins
  2 jackals (D:3)
  4 quokkas
  19 ball pythons
  A ball python skeleton (D:4)
  6 bats
  15 frilled lizards
  9 hobgoblin zombies (Ossuary)
  A jackal skeleton (D:4)
  2 jackal zombies (Ossuary)
  21 kobolds
  13 kobold zombies (Ossuary)
  7 orc zombies (Ossuary)
  A quokka skeleton (D:5)
  6 rats (D:1)
  A briar patch (Swamp:4)
  2 crawling corpses (Elf:3)
  A fungus (Lair:2)
2209 creatures vanquished.

Vanquished Creatures (others)
  A golden dragon (Depths:4)
  3 acid blobs (Depths:4)
  A tengu reaver (Depths:5)
  A fire giant (Depths:5)
  2 frost giants
  7 great orbs of eyes
  A yaktaur captain (Depths:5)
  A deep elf high priest (Depths:5)
  A centaur warrior (Depths:3)
  A two-headed ogre (Depths:4)
  A hell knight (Depths:4)
  2 glowing orange brains
  A harpy (shapeshifter) (Depths:4)
  2 deep elf magi (Elf:1)
  A salamander (shapeshifter) (Depths:4)
  A black mamba (Snake:4)
  6 yaktaurs
  A floating eye (Depths:3)
  20 slime creatures
  2 spriggans
  A wyvern (shapeshifter) (Depths:2)
  2 humans (D:15)
  2 swamp drakes (Swamp:4)
  3 ogres
  A bullfrog (shapeshifter) (Depths:3)
  An orc priest (Orc:2)
  118 jellies
  An orc wizard (Orc:2)
  4 briar patches
  A fire vortex (Depths:3)
  8 fungi
  4 plants
202 creatures vanquished.

Grand Total: 2411 creatures vanquished

Notes
Turn   | Place    | Note
-------+----------+-------------------------------------------
     0 | D:1      | rgaf the Troll Fighter began the quest for the Orb.
     0 | D:1      | Reached XP level 1. HP: 22/22 MP: 0/0
     2 | D:1      | Noticed an ogre
     2 | D:1      | Noticed a tengu
     4 | D:1      | Noticed a troll
     4 | D:1      | Noticed a merfolk
     6 | D:1      | Noticed a spriggan
     6 | D:1      | Noticed an elf
     8 | D:1      | Noticed a demonspawn
     8 | D:1      | Noticed a naga
    10 | D:1      | Noticed a ghoul
    10 | D:1      | Noticed a vine stalker
    12 | D:1      | Noticed a vampire
    14 | D:1      | Noticed a centaur
    16 | D:1      | Noticed an octopode
    16 | D:1      | Noticed a felid
    18 | D:1      | Noticed a dwarf
    18 | D:1      | Noticed a demigod
    20 | D:1      | Noticed a human
    20 | D:1      | Noticed a formicid
    22 | D:1      | Noticed a minotaur
    22 | D:1      | Noticed a halfling
    24 | D:1      | Noticed a draconian
    26 | D:1      | Noticed a gargoyle
   216 | D:1      | Reached XP level 2. HP: 29/29 MP: 1/1
   792 | D:1      | Reached XP level 3. HP: 36/36 MP: 2/2
  1107 | D:2      | Found a shadowy altar of Dithmenos.
  1113 | D:2      | Reached skill level 3 in Unarmed Combat
  1172 | D:2      | Reached XP level 4. HP: 29/44 MP: 3/3
  1752 | D:3      | Found a glowing drain.
  1869 | Sewer    | Entered a sewer
  1873 | Sewer    | Reached XP level 5. HP: 51/53 MP: 4/4
  2081 | Sewer    | Reached skill level 4 in Unarmed Combat
  2316 | Sewer    | Reached XP level 6. HP: 61/61 MP: 5/5
  2546 | D:3      | Noticed Robin
  2621 | D:3      | Noticed Jessica
  2623 | D:3      | Killed Jessica
  2630 | D:3      | Reached skill level 5 in Unarmed Combat
  2630 | D:3      | Reached XP level 7. HP: 58/67 MP: 6/6
  2667 | D:3      | Noticed Sigmund
  2731 | D:3      | Killed Robin
  2933 | D:3      | Killed Sigmund
  3258 | D:4      | Found a basalt altar of Yredelemnul.
  3298 | D:4      | Reached skill level 6 in Unarmed Combat
  3473 | D:4      | Reached XP level 8. HP: 78/78 MP: 7/7
  3612 | D:4      | Noticed Ijyb
  3627 | D:4      | Killed Ijyb
  3764 | D:4      | Found a staircase to the Ecumenical Temple.
  3772 | Temple   | Entered the Ecumenical Temple
  3963 | Temple   | Became a worshipper of Elyvilon the Healer
  4335 | D:5      | Entered Level 5 of the Dungeon
  4574 | D:5      | Reached skill level 7 in Unarmed Combat
  4745 | D:5      | Found a sparkling altar of Nemelex Xobeh.
  4881 | D:6      | Reached * piety under Elyvilon
  4917 | D:6      | Found a hide-covered altar of Uskayaw.
  4920 | D:6      | Noticed a +0 hand axe
  4920 | D:6      | Noticed a +0 dagger
  4956 | D:6      | Reached skill level 5 in Dodging
  5017 | D:6      | Reached skill level 5 in Fighting
  5017 | D:6      | Reached skill level 5 in Shields
  5017 | D:6      | Reached XP level 9. HP: 88/88 MP: 8/8
  5429 | D:7      | Reached ** piety under Elyvilon
  5495 | D:7      | Reached skill level 8 in Unarmed Combat
  5531 | D:7      | Reached skill level 1 in Armour
  5743 | D:7      | Noticed Pikel
  5777 | D:7      | Killed Pikel
  5846 | D:7      | Noticed Harold
  5859 | D:7      | Killed Harold
  5859 | D:7      | Reached skill level 9 in Unarmed Combat
  5859 | D:7      | Reached XP level 10. HP: 34/98 MP: 9/9
  5866 | D:7      | Found a sand-covered staircase.
  5957 | Ossuary  | Entered an ossuary
  6647 | D:8      | Reached *** piety under Elyvilon
  7028 | D:8      | Reached skill level 10 in Unarmed Combat
  7553 | D:9      | Found a staircase to the Lair.
  7744 | D:9      | Reached **** piety under Elyvilon
  7793 | D:9      | Found a glowing golden altar of the Shining One.
  8308 | D:9      | Found a radiant altar of Vehumet.
  8420 | D:10     | Entered Level 10 of the Dungeon
  8523 | D:10     | Reached XP level 11. HP: 48/107 MP: 10/10
  8768 | D:10     | Found a hide-covered altar of Uskayaw.
  8974 | D:10     | Reached skill level 11 in Unarmed Combat
  9053 | D:10     | Got a thick robe
  9071 | D:10     | Identified the cursed +1 robe of Duty {-Cast rF+ Int+3}
                  | (You found it on level 10 of the Dungeon)
  9931 | D:10     | Reached ***** piety under Elyvilon
 10300 | D:10     | Found a staircase to the Orcish Mines.
 10507 | D:11     | Reached skill level 5 in Armour
 11471 | Lair:1   | Entered Level 1 of the Lair of Beasts
 11471 | Lair:1   | Noticed an eight-headed hydra
 11474 | Lair:1   | Killed an eight-headed hydra
 11806 | Lair:1   | Reached skill level 12 in Unarmed Combat
 11925 | Lair:1   | Found a white marble altar of Elyvilon.
 11925 | Lair:1   | Noticed an oklob plant
 12348 | Lair:1   | Reached ****** piety under Elyvilon
 12650 | Lair:1   | Got a shimmering pewter ring
 12740 | Lair:1   | Reached XP level 12. HP: 106/119 MP: 11/11
 12959 | Lair:2   | Noticed a four-headed hydra
 13292 | Orc:1    | Entered Level 1 of the Orcish Mines
 13292 | Orc:1    | Noticed Nergalle
 13315 | D:10     | Killed Nergalle
 13315 | D:10     | Reached skill level 1 in Throwing
 14324 | Orc:2    | Entered Level 2 of the Orcish Mines
 14330 | Orc:2    | Noticed a two-headed ogre
 14366 | Orc:1    | Killed a two-headed ogre
 14455 | Orc:2    | Noticed an orc high priest
 14564 | Orc:2    | Gained mutation: You are clumsy. (Dex -2) [a neqoxec]
 14637 | Orc:1    | Paralysed by an orc sorcerer for 3 turns
 14747 | Orc:2    | Killed an orc high priest
 14827 | Orc:1    | Reached skill level 13 in Unarmed Combat
 15081 | Orc:2    | Paralysed by an orc sorcerer for 2 turns
 15661 | Orc:2    | Found a staircase to the Elven Halls.
 15735 | Orc:2    | Found Josk's Antique Weapon Shop.
 15735 | Orc:2    | Found Kebity's Magic Scroll Boutique.
 15735 | Orc:2    | Found Dinufar's Armour Boutique.
 15740 | Orc:2    | Found Zuporphe's Gadget Shop.
 15744 | Orc:2    | Bought a scroll of teleportation for 42 gold pieces
 15745 | Orc:2    | Bought a +0 large shield for 63 gold pieces
 15806 | Orc:2    | Noticed Josephine
 15816 | Orc:2    | Killed Josephine
 16299 | D:10     | Identified the ring "Sane" {Wiz rPois rC+ MR+} (You found
                  | it on level 1 of the Lair of Beasts)
 16626 | Lair:1   | Reached XP level 13. HP: 125/128 MP: 12/12
 17486 | Lair:3   | Identified Resac's Collected Works on Feathery Execration
 17900 | Lair:3   | Noticed Gastronok
 17909 | Lair:3   | Killed Gastronok
 17949 | Lair:3   | Found a staircase to the Swamp.
 17961 | Lair:3   | Reached skill level 14 in Unarmed Combat
 18054 | Lair:3   | Noticed Fannar
 18081 | Lair:3   | Killed Fannar
 19102 | Lair:4   | Found a staircase to the Snake Pit.
 19111 | Lair:4   | Reached skill level 5 in Throwing
 19165 | Lair:4   | Noticed Urug
 19179 | Lair:4   | Killed Urug
 20482 | Lair:6   | Entered Level 6 of the Lair of Beasts
 20639 | Lair:6   | Reached XP level 14. HP: 136/140 MP: 13/13
 20942 | Lair:6   | Found a staircase to the Slime Pits.
 20991 | Lair:6   | Reached skill level 15 in Unarmed Combat
 21067 | Lair:6   | Found a runed gate.
 21067 | Lair:6   | Found a runed gate.
 21067 | Lair:6   | Found a runed gate.
 21071 | Lair:6   | Noticed Buffagor's ghost (journeyman GrFi)
 22019 | Lair:6   | Found a large runed door.
 22019 | Lair:6   | Found a large runed door.
 23308 | D:13     | Noticed Erolcha
 23315 | D:13     | Killed Erolcha
 23370 | D:13     | Identified Ufruxa's Collected Works on Unholy Rituals
 23508 | D:13     | Reached skill level 10 in Shields
 23514 | D:13     | Reached skill level 10 in Fighting
 23516 | D:13     | Found a gate to the Vaults.
 24270 | D:14     | Found a flickering gateway to a bazaar.
 24276 | Bazaar   | Entered a bazaar
 24293 | Bazaar   | Found Baag's Armour Emporium.
 24293 | Bazaar   | Found Ceosatzo's Food Shoppe.
 24314 | Bazaar   | Found Beotsep's Distillery.
 24314 | Bazaar   | Found Kiku's Distillery.
 24335 | Bazaar   | Found Linwu's Antique Weapon Emporium.
 24350 | Bazaar   | Found Umoetewn's Distillery.
 24428 | Bazaar   | Bought a +0 large shield of protection for 115 gold pieces
 24428 | Bazaar   | Bought the cursed +0 acid dragon scales of Hepliaklqana's
                  | Hatred {rElec rCorr} for 510 gold pieces
 24462 | Bazaar   | Bought a potion of curing for 54 gold pieces
 24462 | Bazaar   | Bought a potion of berserk rage for 90 gold pieces
 24462 | Bazaar   | Bought a potion of invisibility for 144 gold pieces
 24468 | Bazaar   | Bought a potion of mutation for 88 gold pieces
 24468 | Bazaar   | Bought a potion of heal wounds for 55 gold pieces
 24468 | Bazaar   | Bought a potion of heal wounds for 55 gold pieces
 24468 | Bazaar   | Bought a potion of haste for 110 gold pieces
 24498 | Bazaar   | Bought a potion of cancellation for 96 gold pieces
 24498 | Bazaar   | Bought a potion of haste for 120 gold pieces
 24498 | Bazaar   | Bought a potion of heal wounds for 60 gold pieces
 24498 | Bazaar   | Bought a potion of heal wounds for 60 gold pieces
 24498 | Bazaar   | Bought a potion of berserk rage for 60 gold pieces
 24524 | Bazaar   | Bought a potion of curing for 33 gold pieces
 24524 | Bazaar   | Bought a potion of haste for 110 gold pieces
 25110 | D:15     | Entered Level 15 of the Dungeon
 25251 | D:15     | Noticed Agnes
 25261 | D:14     | Killed Agnes
 25700 | D:15     | Noticed Kirke
 25852 | D:14     | Killed Kirke
 26000 | D:15     | Reached XP level 15. HP: 149/149 MP: 14/14
 26216 | D:15     | Found a staircase to the Depths.
 26254 | D:15     | Reached skill level 16 in Unarmed Combat
 26689 | Snake:1  | Entered Level 1 of the Snake Pit
 27050 | Snake:1  | Found a transporter.
 27146 | Snake:1  | Noticed Rupert
 27597 | Snake:1  | Found a transporter.
 28015 | Snake:2  | Found Qobbata's Jewellery Shop.
 28020 | Snake:2  | Found Fegyed's Gadget Shoppe.
 28021 | Snake:2  | Found Qokaru's Jewellery Shop.
 29090 | Snake:2  | Noticed a nagaraja
 29107 | Snake:2  | Killed a nagaraja
 29445 | Snake:3  | Noticed Vashnia
 29576 | Snake:3  | Killed Vashnia
 29675 | Snake:3  | Reached XP level 16. HP: 161/161 MP: 15/15
 29683 | Snake:3  | Found a runed gate.
 29683 | Snake:3  | Found a runed gate.
 29879 | Snake:3  | Reached skill level 17 in Unarmed Combat
 30224 | Snake:3  | Noticed lessens's ghost (journeyman FeWn)
 30225 | Snake:3  | Found a runed gate.
 31076 | Snake:3  | Noticed Nikola
 31243 | Snake:3  | Killed Nikola
 31243 | Snake:3  | Reached skill level 10 in Armour
 31485 | Snake:4  | Entered Level 4 of the Snake Pit
 32834 | Snake:4  | Reached XP level 17. HP: 170/170 MP: 16/16
 33175 | Snake:4  | Reached skill level 18 in Unarmed Combat
 34122 | Snake:4  | Got a serpentine rune of Zot
 34123 | Snake:4  | Identified a scroll of acquirement
 34130 | Snake:4  | Got a pitted hat
 34131 | Snake:4  | Identified the +1 hat of Nemelex Xobeh's Regard {rPois
                  | Str+7} (You acquired it on level 4 of the Snake Pit)
 34492 | Elf:1    | Entered Level 1 of the Elven Halls
 34703 | Elf:1    | Reached skill level 10 in Throwing
 34933 | Elf:1    | Identified the Tome of Stolen Souls
 35115 | Elf:1    | Identified the +1 robe of the Sky {+Blink rElec rPois MR-}
                  | (You found it on level 1 of the Elven Halls)
 35612 | Elf:2    | Found a huge runed gate.
 35612 | Elf:2    | Found a huge runed gate.
 35612 | Elf:2    | Found a huge runed gate.
 35612 | Elf:2    | Found a huge runed gate.
 35613 | Elf:2    | Found a huge runed gate.
 36110 | Elf:3    | Entered Level 3 of the Elven Halls
 36137 | Elf:3    | Found Rej Ocaz's Weapon Shop.
 36392 | Elf:3    | Found a deep blue altar of Sif Muna.
 36515 | Elf:3    | Found Unkir's Book Shoppe.
 36655 | Elf:3    | Found Juem's Assorted Antiques.
 36663 | Elf:3    | Bought a scroll of teleportation for 87 gold pieces
 36704 | Elf:3    | Found Patumpaf's Antique Armour Shoppe.
 37221 | Elf:3    | Found Umyfor's Book Shoppe.
 37755 | Elf:3    | Reached XP level 18. HP: 182/182 MP: 17/17
 38213 | Elf:3    | Identified the cursed +0 chain mail "Koriuxepn" {rElec}
 38225 | Elf:3    | Reached skill level 19 in Unarmed Combat
 38371 | Elf:3    | Identified the +1 robe of the Prince {Int+2 Slay+3}
 38862 | Elf:3    | Identified the +5 chain mail "City" {Int+3}
 38922 | Elf:3    | Identified the cursed +1 scale mail of Mutualism {*Contam
                  | rPois MR+ Stlth+}
 39092 | Elf:3    | Identified the Collected Works on the Glacial Rocks
 39212 | Elf:3    | Identified the Compendium of Morality
 39215 | Elf:3    | Identified the +2 pair of gloves "Legyhy" {+Blink} (You
                  | found it on level 3 of the Elven Halls)
 39220 | Elf:3    | Identified the cursed +0 pair of gloves of Kadeydod {rPois
                  | rF++} (You found it on level 3 of the Elven Halls)
 39617 | Slime:1  | Entered Level 1 of the Pits of Slime
 39786 | Slime:1  | Reached skill level 1 in Invocations
 39984 | Slime:1  | Gained mutation: Armour fits poorly on your strangely
                  | shaped body. [a shining eye]
 39985 | Slime:1  | Gained mutation: You are very clumsy. (Dex -4) [a shining
                  | eye]
 39996 | Lair:6   | Lost mutation: Armour fits poorly on your strangely shaped
                  | body. [potion of mutation]
 39996 | Lair:6   | Lost mutation: You are very clumsy. (Dex -4) [potion of
                  | mutation]
 39996 | Lair:6   | Lost mutation: You are clumsy. (Dex -2) [potion of
                  | mutation]
 39996 | Lair:6   | Gained mutation: Your system is resistant to poisons.
                  | (rPois) [potion of mutation]
 39996 | Lair:6   | Gained mutation: Your muscles are strong. (Str +2) [potion
                  | of mutation]
 40138 | Slime:2  | Gained mutation: You are clumsy. (Dex -2) [a shining eye]
 40140 | Slime:2  | Gained mutation: You are frail. (-10% HP) [a shining eye]
 40142 | Slime:2  | Lost mutation: Your system is resistant to poisons. (rPois)
                  | [potion of mutation]
 40142 | Slime:2  | Lost mutation: You are frail. (-10% HP) [potion of
                  | mutation]
 40142 | Slime:2  | Lost mutation: Your muscles are strong. (Str +2) [potion of
                  | mutation]
 40142 | Slime:2  | Lost mutation: You are clumsy. (Dex -2) [potion of
                  | mutation]
 40142 | Slime:2  | Gained mutation: You tend to lose your temper in combat.
                  | [potion of mutation]
 40142 | Slime:2  | Gained mutation: You are frail. (-10% HP) [potion of
                  | mutation]
 40142 | Slime:2  | Gained mutation: Your skin changes colour to match your
                  | surroundings (Stealth+). [potion of mutation]
 40143 | Slime:2  | Lost mutation: You tend to lose your temper in combat.
                  | [potion of mutation]
 40143 | Slime:2  | Lost mutation: You are frail. (-10% HP) [potion of
                  | mutation]
 40143 | Slime:2  | Gained mutation: You are frail. (-10% HP) [potion of
                  | mutation]
 40143 | Slime:2  | Gained mutation: You have supernaturally acute eyesight.
                  | (SInv) [potion of mutation]
 40143 | Slime:2  | Gained mutation: You are surrounded by a mild repulsion
                  | field. (EV +2) [potion of mutation]
 40144 | Slime:2  | Lost mutation: You are surrounded by a mild repulsion
                  | field. (EV +2) [potion of mutation]
 40144 | Slime:2  | Lost mutation: You are frail. (-10% HP) [potion of
                  | mutation]
 40144 | Slime:2  | Lost mutation: You have supernaturally acute eyesight.
                  | (SInv) [potion of mutation]
 40144 | Slime:2  | Gained mutation: You are agile. (Dex +2) [potion of
                  | mutation]
 40144 | Slime:2  | Gained mutation: Your system is resistant to poisons.
                  | (rPois) [potion of mutation]
 40485 | Vaults:1 | Entered Level 1 of the Vaults
 40749 | Vaults:1 | Found Dehoceh's Antique Weapon Emporium.
 41033 | Vaults:1 | Reached XP level 19. HP: 172/192 MP: 20/20
 41498 | Vaults:1 | Found a shimmering altar of Xom.
 42040 | Vaults:2 | Noticed Mennas
 42194 | Vaults:2 | Reached skill level 5 in Invocations
 42420 | Vaults:2 | Reached skill level 20 in Unarmed Combat
 42921 | Vaults:2 | Noticed Margery
 43070 | Vaults:2 | Killed Margery
 43970 | Vaults:2 | Killed Mennas
 45142 | Vaults:3 | Reached XP level 20. HP: 202/202 MP: 24/24
 45733 | Vaults:3 | Found a staircase to the Crypt.
 46632 | Vaults:4 | Found Istresk's Weapon Shoppe.
 47468 | Vaults:4 | Reached skill level 21 in Unarmed Combat
 47908 | Vaults:4 | Reached XP level 21. HP: 211/211 MP: 27/27
 49083 | Slime:5  | Entered Level 5 of the Pits of Slime
 49396 | Slime:5  | Reached skill level 10 in Invocations
 50111 | Slime:5  | Found a viscous altar of Jiyva.
 50119 | Slime:5  | Fell from the grace of Elyvilon
 50119 | Slime:5  | Became a worshipper of Jiyva Jasitag the Shapeless
 50136 | Slime:5  | Noticed the Royal Jelly
 50269 | Lair:6   | Killed Buffagor's ghost
 50781 | Depths:1 | Entered Level 1 of the Depths
 50809 | Depths:1 | Noticed Sojobo
 50911 | D:15     | Killed Sojobo
 51095 | D:15     | Reached * piety under Jiyva
 51496 | Depths:1 | Reached ** piety under Jiyva
 51537 | Depths:1 | Reached *** piety under Jiyva
 51548 | Depths:1 | Gained mutation: You have large cloven feet. [Jiyva's
                  | grace]
 51784 | Depths:1 | Found a gateway to Hell.
 52108 | Depths:1 | Reached **** piety under Jiyva
 52181 | Depths:1 | Gained mutation: You are very agile. (Dex +4) [Jiyva's
                  | grace]
 52361 | Depths:1 | Reached ***** piety under Jiyva
 52361 | Depths:1 | Gained mutation: Your spells are a little harder to cast,
                  | but a little more powerful. [Jiyva's grace]
 52500 | Depths:1 | Reached XP level 22. HP: 138/223 MP: 28/28
 52587 | Depths:1 | Gained mutation: You are robust. (+10% HP) [Jiyva's grace]
 52940 | Depths:2 | Lost mutation: You are very agile. (Dex +4) [Jiyva's grace]
 53057 | Depths:2 | Reached ****** piety under Jiyva
 53266 | Depths:2 | Gained mutation: Your magical capacity is low. (-10% MP)
                  | [Jiyva's grace]
 53296 | Depths:2 | Reached skill level 22 in Unarmed Combat
 53332 | Depths:2 | Lost mutation: You are agile. (Dex +2) [Jiyva's grace]
 53543 | D:14     | Gained mutation: You occasionally shout uncontrollably at
                  | your foes. [Jiyva's grace]
 53832 | Slime:5  | Gained mutation: You are very robust. (+20% HP) [Jiyva's
                  | grace]
 53846 | Slime:5  | Lost mutation: Your spells are a little harder to cast, but
                  | a little more powerful. [Jiyva's grace]
 53851 | Slime:5  | Got a slimy rune of Zot
 53851 | Slime:5  | Gained mutation: You have acidic saliva. [Jiyva's grace]
 53861 | Slime:5  | Identified the ring "Sixyxaki" {rN++ Str-5 Dex+2} (You
                  | found it on level 5 of the Pits of Slime)
 53871 | Slime:5  | Identified the ring "Gepal" {*Corrode rPois Str+4 SInv}
                  | (You found it on level 5 of the Pits of Slime)
 53888 | Slime:5  | Identified the amulet of Sloth {Reflect rPois Slay+2 SH+4}
                  | (You found it on level 5 of the Pits of Slime)
 53896 | Slime:5  | Identified the +2 shield of the Mind {-Tele MP+9 Dex+3}
                  | (You found it on level 5 of the Pits of Slime)
 53981 | Lair:6   | Lost mutation: Your system is resistant to poisons. (rPois)
                  | [Jiyva's grace]
 54397 | Depths:2 | Lost mutation: Your skin changes colour to match your
                  | surroundings (Stealth+). [Jiyva's grace]
 54397 | Depths:2 | Gained mutation: Your translucent skin slightly reduces
                  | your foes' accuracy. (Stealth) [Jiyva's grace]
 54509 | Depths:2 | Identified Hivuar's Disquisition on the Damaging Voyage
 54558 | Depths:2 | Gained mutation: You have a beak for a mouth. [Jiyva's
                  | grace]
 54665 | Depths:2 | Lost mutation: You have large cloven feet. [Jiyva's grace]
 55258 | Depths:2 | Gained mutation: Your rubbery body absorbs attacks. (AC +1,
                  | EV +1) [Jiyva's grace]
 55647 | Depths:3 | Found a corrupted altar of Lugonu.
 55651 | Depths:3 | Found a one-way gate to the infinite horrors of the Abyss.
 55695 | Depths:2 | Lost mutation: You occasionally shout uncontrollably at
                  | your foes. [Jiyva's grace]
 55961 | Depths:3 | Found a gateway to a ziggurat.
 56106 | Depths:3 | Noticed a juggernaut
 56110 | Depths:3 | Killed a juggernaut
 56112 | Depths:3 | Noticed a caustic shrike
 56125 | Depths:3 | Killed a caustic shrike
 56156 | Depths:3 | Gained mutation: You have a pair of small horns on your
                  | head. [Jiyva's grace]
 56165 | Depths:3 | Found a runed gate.
 56165 | Depths:3 | Found a runed gate.
 56165 | Depths:3 | Found a runed gate.
 56172 | Depths:3 | Noticed a juggernaut
 56192 | Depths:3 | Found a runed gate.
 56192 | Depths:3 | Found a runed gate.
 56192 | Depths:3 | Found a runed gate.
 56250 | Depths:3 | Gained mutation: Potions are less effective at restoring
                  | your health. [Jiyva's grace]
 56260 | Depths:3 | Found a one-way gate leading to the halls of Pandemonium.
 56394 | Depths:3 | Found a basalt altar of Yredelemnul.
 56624 | Depths:4 | Noticed a juggernaut
 56634 | Depths:4 | Killed a juggernaut
 56634 | Depths:4 | Reached XP level 23. HP: 230/278 MP: 26/26
 56639 | Depths:4 | Lost mutation: You have acidic saliva. [Jiyva's grace]
 56752 | Depths:4 | Identified the +4 faerie dragon scales {rCorr Stlth+}
 56752 | Depths:4 | Noticed the Enchantress
 56806 | Depths:4 | Killed the Enchantress
 56861 | Depths:4 | Lost mutation: Your translucent skin slightly reduces your
                  | foes' accuracy. (Stealth) [Jiyva's grace]
 56939 | Depths:4 | Noticed a juggernaut
 56958 | Depths:4 | Killed a juggernaut
 56979 | Depths:4 | Gained mutation: You are covered in slimy tendrils that may
                  | disarm your opponents. [Jiyva's grace]
 56997 | Depths:4 | Gained mutation: You have a small jelly attached to you
                  | that senses nearby items. [Jiyva's grace]
 57091 | Depths:4 | Noticed a caustic shrike
 57097 | Depths:4 | Killed a caustic shrike
 57097 | Depths:4 | Reached skill level 23 in Unarmed Combat
 57107 | Depths:4 | Lost mutation: Your magical capacity is low. (-10% MP)
                  | [Jiyva's grace]
 57135 | Depths:4 | Reached skill level 15 in Shields
 57164 | Depths:4 | Lost mutation: Your rubbery body absorbs attacks. (AC +1,
                  | EV +1) [Jiyva's grace]
 57204 | Depths:4 | Gained mutation: Your rubbery body absorbs attacks. (AC +1,
                  | EV +1) [Jiyva's grace]
 57316 | Depths:4 | Reached skill level 15 in Fighting
 57436 | Depths:4 | Noticed Xtahua
 57454 | Depths:4 | Killed Xtahua
 57459 | Depths:4 | Lost mutation: You are covered in slimy tendrils that may
                  | disarm your opponents. [Jiyva's grace]
 57724 | Depths:4 | Gained mutation: You are weak. (Str -2) [Jiyva's grace]
 57731 | Depths:4 | Lost mutation: You have a pair of small horns on your head.
                  | [Jiyva's grace]
 57741 | Depths:4 | Noticed a caustic shrike
 57750 | Depths:4 | Killed a caustic shrike
 57782 | Depths:4 | Identified the +1 long sword of Discomfort {freeze, Fragile
                  | rElec rPois rC+++ Int-4}
 57784 | Depths:4 | Lost mutation: You are weak. (Str -2) [Jiyva's grace]
 57843 | Depths:4 | Gained mutation: Your mind is acute. (Int +2) [Jiyva's
                  | grace]
 57870 | Depths:4 | Lost mutation: Your mind is acute. (Int +2) [Jiyva's grace]
 57871 | Depths:4 | Noticed a caustic shrike
 57874 | Depths:4 | Gained mutation: Your mind is acute. (Int +2) [Jiyva's
                  | grace]
 57891 | Depths:4 | Killed a caustic shrike
 57934 | Depths:4 | Reached XP level 24. HP: 241/294 MP: 29/29
 58008 | Depths:4 | Lost mutation: Your mind is acute. (Int +2) [Jiyva's grace]
 58100 | Depths:4 | Lost mutation: You are very robust. (+20% HP) [Jiyva's
                  | grace]
 58189 | Depths:4 | Found a portal to a secret trove of treasure.
 58468 | Depths:5 | Entered Level 5 of the Depths
 58690 | Depths:5 | Reached skill level 15 in Throwing
 58743 | Depths:5 | Reached skill level 15 in Armour
 58911 | Depths:5 | Reached skill level 24 in Unarmed Combat
 58959 | Depths:5 | Gained mutation: You have large cloven feet. [Jiyva's
                  | grace]
 58964 | Depths:5 | Found a gate to the Realm of Zot.
 58989 | Depths:5 | Gained mutation: You have acidic saliva. [Jiyva's grace]
 59047 | Depths:5 | Found an iron altar of Okawaru.
 59048 | Depths:5 | Found a hide-covered altar of Uskayaw.
 59055 | Depths:5 | Found a shimmering altar of Xom.
 59108 | Depths:5 | Gained mutation: You expend magic power (3 MP) to
                  | strengthen your wands. [Jiyva's grace]
 59187 | Depths:5 | Noticed a juggernaut
 59198 | Depths:5 | Killed a juggernaut
 59203 | Depths:5 | Lost mutation: You are robust. (+10% HP) [Jiyva's grace]
 59217 | Depths:5 | Noticed a juggernaut
 59235 | Depths:5 | Killed a juggernaut
 59239 | Depths:5 | Lost mutation: Your rubbery body absorbs attacks. (AC +1,
                  | EV +1) [Jiyva's grace]
 59246 | Depths:5 | Noticed a juggernaut
 59256 | Depths:5 | Killed a juggernaut
 59284 | Depths:5 | Noticed a juggernaut
 59292 | Depths:5 | Killed a juggernaut
 59299 | Depths:5 | Gained mutation: You are frail. (-10% HP) [Jiyva's grace]
 59391 | Depths:5 | Lost mutation: You are frail. (-10% HP) [Jiyva's grace]
 59504 | Depths:5 | Reached XP level 25. HP: 241/256 MP: 29/29
 59514 | Depths:5 | Identified the Compendium of Helpful Malediction
 59531 | Depths:5 | Lost mutation: You have large cloven feet. [Jiyva's grace]
 59680 | Depths:5 | Gained mutation: You have a small jelly attached to you
                  | that may absorb incoming projectiles. [Jiyva's grace]
 59787 | Depths:4 | You paid a toll of a +8 demon whip to enter a treasure
                  | trove
 59788 | Trove    | Entered a treasure trove
 59801 | Trove    | Identified Agrolusch's Disquisition on Battle Magic and
                  | Hexes
 59803 | Trove    | Identified the Handbook of Hurtful Stones
 59840 | Trove    | Got a coiled ruby amulet
 59842 | Trove    | Got a heavily runed granite ring
 59878 | Trove    | Identified the amulet "Tilirch Isai" {Acrobat rN++} (You
                  | found it in a treasure trove)
 59879 | Trove    | Identified the cursed ring of Suicidal Tendencies {*Contam
                  | rPois Int+4 Dex-5 Stlth+} (You found it in a treasure
                  | trove)
 60254 | Swamp:1  | Entered Level 1 of the Swamp
 61051 | Swamp:2  | Found a transporter.
 61054 | Swamp:2  | Noticed Sharkman1231's ghost (adept DsWn)
 61072 | Swamp:2  | Found a transporter.
 61086 | Swamp:2  | Lost mutation: You have acidic saliva. [Jiyva's grace]
 61207 | Swamp:2  | Noticed Frances
 61215 | Swamp:2  | Killed Frances
 61627 | Swamp:3  | Noticed Jorgrun
 61639 | Swamp:3  | Killed Jorgrun
 61746 | Swamp:3  | Lost mutation: You have a small jelly attached to you that
                  | may absorb incoming projectiles. [Jiyva's grace]
 61747 | Swamp:3  | Noticed Roxanne
 61754 | Swamp:3  | Killed Roxanne
 61786 | Swamp:3  | Lost mutation: You have a small jelly attached to you that
                  | senses nearby items. [Jiyva's grace]
 61974 | Swamp:4  | Entered Level 4 of the Swamp
 62096 | Swamp:4  | Lost mutation: You expend magic power (3 MP) to strengthen
                  | your wands. [Jiyva's grace]
 62273 | Swamp:4  | Reached skill level 25 in Unarmed Combat
 62343 | Swamp:4  | Gained mutation: You are covered in slimy tendrils that may
                  | disarm your opponents. [Jiyva's grace]
 62373 | Swamp:4  | Lost mutation: Potions are less effective at restoring your
                  | health. [Jiyva's grace]
 62448 | Swamp:4  | Got a decaying rune of Zot
 62461 | Swamp:4  | Gained mutation: You have an increased reservoir of magic.
                  | (+10% MP) [Jiyva's grace]
 62955 | Depths:5 | Lost mutation: You have a beak for a mouth. [Jiyva's grace]
 63027 | Zot:1    | Entered Level 1 of the Realm of Zot
 63462 | Zot:1    | Gained mutation: Your translucent skin slightly reduces
                  | your foes' accuracy. (Stealth) [Jiyva's grace]
 64486 | Zot:2    | Noticed an orb of fire
 64489 | Zot:2    | Gained mutation: Your body sometimes deteriorates upon
                  | taking damage. [an orb of fire]
 64499 | Zot:2    | Gained mutation: You are weak. (Str -2) [an orb of fire]
 64514 | Zot:2    | Lost mutation: You have an increased reservoir of magic.
                  | (+10% MP) [an orb of fire]
 64634 | Zot:1    | HP: 10/258 [quicksilver dragon[the power of Zot] (19)]
 64634 | Zot:1    | HP: 3/258 [quicksilver dragon[the power of Zot] (7)]
 64634 | Zot:1    | Slain by a tentacled monstrosity

Vault maps used:
D:1:      kb_arrival_jail, columned_hall_lemuel, chequers_garden,
          minmay_pentomino_v2
D:2:      overflow_temple_1_default, first_ration
D:3:      gup_sewer_entry_glass, uniq_robin, uniq_jessica, uniq_sigmund
D:4:      lemuel_round_altar, minmay_temple_entry_purple_smoke, uniq_ijyb
D:5:      overflow_temple_1_default
D:6:      dancing_weapons_uskayaw
D:7:      enter_ossuary_5, uniq_harold, uniq_pikel
D:8:      grunt_ogre_cave
D:9:      kennysheep_mini, kennysheep_mini_moat, erik_lair_island,
          serial_aquarium, aquarium_bridge_island_small,
          aquarium_bridge_straight, aquarium_window_1, aquarium_window_2,
          aquarium_view_2d, aquarium_view_2a
D:10:     erik_orc_2, basic_altar
D:12:     minmay_crystal_room
D:13:     david_vaults_2, uniq_erolcha
D:14:     serial_shops, bzr_entry_islet, kennysheep_nondescript
D:15:     grunt_enter_depths_snipers, uniq_agnes, uniq_kirke
Temple:   regret_index_temple_sphere_string
Lair:1:   enter_volcano_3, lemuel_oklob_altar
Lair:2:   grunt_megastairs_4, lemuel_fruit_tree
Lair:3:   beast_lair_carwin_large_3, skrybe_swamp_entry_bodies,
          serial_bayou_shore_b, uniq_fannar, uniq_gastronok
Lair:4:   minmay_snake_entry_six_corridors, beast_lair_carwin_5, uniq_urug
Lair:5:   grunt_megastairs_2
Lair:6:   cheibrodos_lair_end_hotspot, slime_dummy, gammafunk_ghost_necromancy,
          minmay_lair_oklob_chamber
Swamp:1:  evilmike_swamp_ruin_house_2
Swamp:2:  gammafunk_ghost_arena, nicolae_swamp_dense_foliage, uniq_frances
Swamp:3:  evilmike_swamp_ruin_house_4, uniq_jorgrun, uniq_roxanne
Swamp:4:  swamp_basic_johnstein
Snake:1:  gammafunk_the_bubble, special_room, uniq_rupert
Snake:2:  corexii_hall_statues_x, minmay_shop_grove
Snake:3:  ebering_ghost_rock_garden, nicolae_large_snake_swirl, uniq_nikola,
          uniq_vashnia
Snake:4:  johnstein_snake_rune_scales, basic_stair_grate_trap
Slime:4:  uniq_dissolution
Orc:1:    nicolae_orc_tapped_out, uniq_nergalle
Orc:2:    st_orc_mages, portal_ice_cave_entry_ice_beasts, uniq_josephine
Elf:1:    eino_elf_arrival_the_gate, minmay_elf_necromancy, grunt_megastairs_3
Elf:2:    moated_statue, stair_cage_wide
Elf:3:    minmay_elf_hall_not_hex, serial_shops, shop,
          nicolae_shop_competitors_out_of_business, shop, nicolae_shop_stone,
          nicolae_shop_crystal, david_defended_altar_elf
Vaults:1: hangedman_vaults_trim, v_rooms_5,
          nicolae_vaults_windows_and_doors_thing, ontoclasm_vaults_spin,
          vaults_room_door_hall, nicolae_vaults_circle_grid_a,
          grunt_vaults_hallway_short, v_rooms_4,
          hangedman_vaults_stretched_pinwheel, nicolae_vaults_specimen_jars,
          vaults_room_fancy_cross, nicolae_vaults_little_squares_2,
          serial_shops, nicolae_shop_competitors_out_of_business, basic_altar
Vaults:2: v_alt_pattern_4, nicolae_vaults_ring_of_whatevers,
          vaults_room_grunt_arrival_ludios, st_lattice, v_misc_9,
          vaults_room_fours, uniq_margery, uniq_mennas
Vaults:3: nicolae_vaults_little_ls, v_misc_9, v_misc_13,
          nicolae_vaults_sealed_display, vaults_dpeg_diagonal,
          hangedman_vaults_impose, nicolae_vaults_puzzle_piece,
          minmay_crypt_entry_simple_round, vaults_dpeg_cross,
          hangedman_vaults_slice, v_misc_4, vaults_dpeg_spiral,
          hangedman_vaults_river_flow, vaults_dpeg_doors
Vaults:4: dpeg_vaults_monster_box, ontoclasm_vaults_shuriken,
          nicolae_vaults_network_quinsquares, vaults_standard_mumra_lines,
          v_pattern_3, nicolae_vaults_circle_grid_b, hangedman_vaults_stitches,
          nicolae_vaults_quadrants, nicolae_vaults_border_crossing,
          vaults_dpeg_ring, nicolae_vaults_little_squares_4
Depths:1: grunt_hell_entry_dis_mu, chequers_serial_rivers_micro_b,
          abandoned_shop, st_stairs_11, spider_trap, nrook_pool_corridor,
          chequers_serial_rivers_micro_a, hangedman_decor_push,
          grunt_ministairs_3, kennysheep_generic_room_4, uniq_sojobo
Depths:2: minmay_the_grid_octo_2x2, minmay_splitting_lines,
          hangedman_coc_ice_floe, chequers_serial_rivers_small_a
Depths:3: kennysheep_treasure_stockpile, enter_ziggurat_b, lemuel_statue_altar,
          pan_entry, hangedman_geh_valley, abyss_entry_flame_altar,
          hangedman_blasphemy, infiniplex_staircase_zigzag_2
Depths:4: hangedman_box_tower, enter_trove_3, hangedman_decor_growths,
          abyss_entry, hell_entry, serial_rivers,
          chequers_serial_rivers_micro_e, chequers_serial_rivers_small_b,
          chequers_serial_rivers_micro_c, chequers_serial_rivers_large_a,
          chequers_serial_rivers_micro_a, chequers_serial_rivers_micro_b,
          uniq_enchantress, uniq_xtahua
Depths:5: hangedman_slaughterboxes, hell_entry
Zot:1:    grunt_megastairs_1
Zot:2:    zot_minivault_1
Bazaar:   bazaar_long_row
Trove:    trove_garden
Sewer:    sewer_frog_island_02
Ossuary:  ossuary_tomb_1

Skill      XL: |  1  2  3  4  5  6  7  8  9 10 11 12 13 14 15 16 17 18 19 20 21 22 23 24 25 |
---------------+----------------------------------------------------------------------------+-----
Unarmed Combat | 3 4 5 6 7 9 10 12 13 14 15 16 17 18 19 20 21 22 23 24 25 | 25.5
Shields        | 3 4 5 6 7 8 9 10 11 12 13 14 15 | 15.0
Fighting       | 3 4 5 6 7 8 9 10 11 12 13 14 15 16 | 16.6
Dodging        | 3 4 5 |  5.0
Armour         | 2 4 5 6 7 8 9 10 11 12 13 14 15 16 | 16.1
Throwing       | 3 5 7 8 9 10 11 12 13 14 15 16 | 16.4
Invocations    | 3 7 9 10 | 10.3

Action                   |  1- 3 |  4- 6 |  7- 9 | 10-12 | 13-15 | 16-18 | 19-21 | 22-24 | 25-27 || total
-------------------------+-------+-------+-------+-------+-------+-------+-------+-------+-------++-------
Melee: Unarmed           |   119 |   307 |   366 |  1104 |  1467 |  1447 |  1720 |  1373 |   616 ||  8519
       Kick              |       |       |       |       |       |       |    51 |   200 |     1 ||   252
       Peck              |       |       |       |       |       |       |       |   387 |   118 ||   505
       Bite              |       |       |       |       |       |       |       |    97 |    19 ||   116
       Headbutt          |       |       |       |       |       |       |       |   130 |       ||   130
Throw: Stone             |       |       |       |    14 |       |       |       |       |       ||    14
       Large rock        |       |       |       |     3 |    14 |     6 |     4 |    11 |       ||    38
Invok: Slimify           |       |       |       |       |       |       |       |     3 |       ||     3
Evoke: Wand              |       |       |     2 |    17 |     8 |       |     8 |     2 |     2 ||    39
       Lamp of fire      |       |       |       |       |       |     2 |     1 |       |       ||     3
  Use: Scroll            |       |     4 |     7 |    13 |    12 |    19 |     5 |    11 |    15 ||    86
       Potion            |       |       |     1 |     8 |     4 |    12 |     8 |     2 |     6 ||    41
 Stab: Sleeping          |       |     1 |     1 |       |       |       |     6 |       |       ||     8
       Paralysed         |       |       |       |     3 |       |       |       |       |       ||     3
       Distracted        |       |       |       |       |       |     1 |       |     2 |       ||     3
  Eat: Chunk             |    13 |    18 |    27 |   101 |   102 |    92 |    76 |    12 |    26 ||   467
       Ration            |       |       |     1 |     2 |     3 |     6 |     6 |       |       ||    18
Armor: Robe              |    42 |   146 |    86 |   187 |    49 |    29 |       |       |       ||   539
       Troll leather arm |       |       |       |    38 |   164 |       |       |       |       ||   202
       Acid dragon scale |       |       |       |       |   185 |   365 |   442 |    78 |       ||  1070
       Fire dragon scale |       |       |       |       |       |       |       |   103 |       ||   103
       Gold dragon scale |       |       |       |       |       |       |       |   211 |   297 ||   508
Dodge: Dodged            |    37 |   141 |    98 |   360 |   292 |   284 |   284 |   206 |    74 ||  1776
Block: Shield            |    48 |   185 |   138 |   480 |       |       |       |       |       ||   851
       Large shield      |       |       |       |    83 |  1173 |  1157 |  1407 |  1125 |   596 ||  5541
       Reflection        |       |       |       |       |       |       |       |    37 |    13 ||    50

Table legend:
 A = Non-vault XP
 B = Vault XP
 C = Vault XP percentage of total XP
 D = Non-vault monster count
 E = Vault monster count
 F = Vault count percentage of total count
                 A         B        C        D         E       F
            +---------+---------+-------+---------+---------+-------
      Total |  620041 |  670857 |  52.0 |    1342 |     872 |  39.4
            +---------+---------+-------+---------+---------+-------
        D:1 |      44 |       3 |   6.4 |      28 |       2 |   6.7
        D:2 |      85 |       0 |   0.0 |      19 |       0 |   0.0
        D:3 |     194 |     339 |  63.6 |      28 |      18 |  39.1
        D:4 |     615 |      39 |   6.0 |      24 |       1 |   4.0
        D:5 |     473 |       0 |   0.0 |      21 |       0 |   0.0
        D:6 |     610 |       0 |   0.0 |      28 |       0 |   0.0
        D:7 |    1096 |    1656 |  60.2 |      13 |       2 |  13.3
        D:8 |    1413 |     463 |  24.7 |      20 |       4 |  16.7
        D:9 |    2849 |     456 |  13.8 |      40 |       5 |  11.1
       D:10 |    4089 |    1892 |  31.6 |      43 |      22 |  33.8
       D:11 |    1953 |       0 |   0.0 |      16 |       0 |   0.0
       D:12 |    3354 |       0 |   0.0 |      25 |       0 |   0.0
       D:13 |     230 |    7456 |  97.0 |      13 |      12 |  48.0
       D:14 |    6042 |    4807 |  44.3 |      15 |       5 |  25.0
       D:15 |    8164 |    8427 |  50.8 |      28 |       4 |  12.5
     Lair:1 |    6247 |    1351 |  17.8 |      28 |      15 |  34.9
     Lair:2 |    2657 |     847 |  24.2 |      11 |      13 |  54.2
     Lair:3 |    2494 |    4569 |  64.7 |      12 |      13 |  52.0
     Lair:4 |    4876 |    4324 |  47.0 |      11 |      20 |  64.5
     Lair:5 |    5945 |     431 |   6.8 |      27 |       2 |   6.9
     Lair:6 |   21791 |   15013 |  40.8 |      54 |      43 |  44.3
    Swamp:1 |    8336 |       0 |   0.0 |      25 |       0 |   0.0
    Swamp:2 |   10162 |    2236 |  18.0 |      24 |       1 |   4.0
    Swamp:3 |   13338 |    5354 |  28.6 |      26 |       2 |   7.1
    Swamp:4 |    5769 |   22173 |  79.4 |      14 |      30 |  68.2
    Snake:1 |    9501 |       0 |   0.0 |      19 |       0 |   0.0
    Snake:2 |   20719 |       0 |   0.0 |      37 |       0 |   0.0
    Snake:3 |   20092 |   11251 |  35.9 |      39 |       6 |  13.3
    Snake:4 |   23596 |   41078 |  63.5 |      42 |      65 |  60.7
    Slime:1 |    6753 |       0 |   0.0 |      13 |       0 |   0.0
    Slime:2 |   12576 |       0 |   0.0 |      25 |       0 |   0.0
    Slime:3 |    6992 |       0 |   0.0 |       4 |       0 |   0.0
    Slime:4 |    5730 |     265 |   4.4 |       7 |       1 |  12.5
    Slime:5 |   17169 |   14827 |  46.3 |      23 |       9 |  28.1
      Orc:1 |    4171 |    3827 |  47.8 |      45 |      26 |  36.6
      Orc:2 |     386 |    4260 |  91.7 |       4 |      33 |  89.2
      Elf:1 |   10076 |    6666 |  39.8 |      17 |      17 |  50.0
      Elf:2 |    9701 |    1799 |  15.6 |      15 |       2 |  11.8
      Elf:3 |   11000 |   51988 |  82.5 |      23 |      36 |  61.0
   Vaults:1 |   24788 |   19372 |  43.9 |      52 |      35 |  40.2
   Vaults:2 |   26695 |   37031 |  58.1 |      44 |      29 |  39.7
   Vaults:3 |   34916 |   18163 |  34.2 |      57 |      24 |  29.6
   Vaults:4 |   31683 |   41265 |  56.6 |      46 |      58 |  55.8
   Depths:1 |   54901 |   11612 |  17.5 |      70 |       8 |  10.3
   Depths:2 |   26776 |   26713 |  49.9 |      38 |      25 |  39.7
   Depths:3 |   24181 |   32090 |  57.0 |      28 |      25 |  47.2
   Depths:4 |   53888 |  116680 |  68.4 |      58 |      66 |  53.2
   Depths:5 |    3098 |  146988 |  97.9 |       4 |      82 |  95.3
      Zot:1 |   57384 |    2327 |   3.9 |      33 |       1 |   2.9
      Zot:2 |   10443 |       0 |   0.0 |       6 |       0 |   0.0
      Sewer |       0 |     448 | 100.0 |       0 |      72 | 100.0
    Ossuary |       0 |     371 | 100.0 |       0 |      38 | 100.0
            +---------+---------+-------+---------+---------+-------
